 Dungeon Crawl Stone Soup version 0.21.1-1-g345015fe64 (webtiles) character file.

177 DildoBatman the Sneak (level 5, -4/41 HPs)
             Began as a Formicid Enchanter on Feb 10, 2018.
             Killed from afar by Sigmund (5 damage)
             ... with a magic dart
             ... on level 4 of the Dungeon.
             The game lasted 00:12:28 (3845 turns).

DildoBatman the Sneak (Formicid Enchanter)          Turns: 3845, Time: 00:12:29

Health: -4/41      AC:  4    Str: 14    XL:     5   Next: 87%
Magic:  8/8        EV: 12    Int: 14    God:
Gold:   59         SH:  4    Dex: 11    Spells: 2/8 levels left

rFire    . . .     SeeInvis +   a - +1 dagger
rCold    . . .     Gourm    .   f - +0 buckler
rNeg     . . .     Faith    .   e - +0 robe
rPois    .         Spirit   .   (helmet unavailable)
rElec    .         Reflect  .   (no cloak)
rCorr    .         Harm     .   h - +1 pair of gloves
MR       .....                  (no boots)
Stlth    ++........             (no amulet)
HPRegen  0.13/turn              (no ring)
MPRegen  0.11/turn              (no ring)

@: no status effects
A: permanent stasis, dig shafts and tunnels, four strong arms, antennae 3
a: Dig, Shaft Self


You were on level 4 of the Dungeon.
You were near starving.

You visited 1 branch of the dungeon, and saw 4 of its levels.

You collected 59 gold pieces.

Inventory:

Hand Weapons
 a - a +1 dagger (weapon)
 b - a +0 spear
 p - a cursed -1 mace
Armour
 e - a +0 robe (worn)
 f - a +0 buckler (worn)
 h - a +1 pair of gloves (worn)
Jewellery
 r - an uncursed ring of see invisible {unknown}
Scrolls
 g - 2 scrolls of enchant armour
 i - 4 scrolls of identify
 k - a scroll of blinking {unknown}
 l - a scroll of enchant weapon {unknown}
 m - a scroll of immolation {unknown}
 q - a scroll of noise {unknown}
Potions
 d - a potion of heal wounds {unknown}
 n - a potion of degeneration {unknown}
 o - a potion of brilliance {unknown}
 s - a potion of might {unknown}
Books
 c - a book of Maledictions

   Spells                             Type                      Level
   a - Corona                         Hexes                        1
   b - Ensorcelled Hibernation        Hexes/Ice                    2
   c - Confuse                        Hexes                        3
   d - Tukima's Dance                 Hexes                        3
   e - Dazzling Spray                 Conjuration/Hexes            3
 j - a book of Minor Magic

   Spells                             Type                      Level
   a - Magic Dart                     Conjuration                  1
   b - Blink                          Translocation                2
   c - Call Imp                       Summoning                    2
   d - Slow                           Hexes                        2
   e - Conjure Flame                  Conjuration/Fire             3
   f - Mephitic Cloud                 Conjuration/Poison/Air       3
Comestibles
 v - 7 rations


   Skills:
 - Level 3.0 Fighting
 - Level 1.0 Short Blades
 * Level 2.9 Armour
 - Level 2.0 Dodging
 - Level 4.0 Stealth
 - Level 3.0 Shields
 - Level 2.1 Spellcasting
 - Level 3.6 Hexes


You had 2 spell levels left.
You knew the following spells:

 Your Spells              Type           Power        Failure   Level  Hunger
a - Corona                Hex            ##.....      5%          1    #......
b - Confuse               Hex            ##......     16%         3    ###....
c - Slow                  Hex            ##......     8%          2    ###....


Dungeon Overview and Level Annotations

Branches:
Dungeon (4/15)
 Temple: D:4-7

Altars:
Gozag
Kikubaaqudgha
Nemelex Xobeh

Annotations:
D:1 1 exclusion
D:3 Grinder
D:4 Blork the orc, Sigmund


Innate Abilities, Weirdness & Mutations

You cannot be hasted, slowed, berserked, paralysed or teleported.
You can dig through walls and to a lower floor.
Your four strong arms can wield two-handed weapons with a shield.
You have a pair of large antennae on your head. (SInv)


Message History

Found 15 gold pieces.
Sigmund shouts!
Sigmund points at you and mumbles some strange words.
The puff of flame hits you! Sigmund gestures at you while chanting.
You are confused.
Sigmund casts a spell at you. The magic dart hits you!
Sigmund hits you with a scythe!
You bump into the rock wall.
Sigmund gestures at you while chanting. The puff of flame hits you!
You feel less confused.
Sigmund drinks a potion.
Sigmund seems to speed up.
Sigmund points at you and mumbles some strange words.
The magic dart hits you!
Sigmund points at you and mumbles some strange words.
The magic dart hits you!
You die...

#.### ###..###........###
##...#### ##..@## ###..$..#
#..##...###...## #..s#
########....### ... ###..# #.
##@## #..# ##.## ##@## #..#
#########.## ###.......#..#
##............##
#..............## ######
##...............###....#####
#..............#.##.........#
#..............#..#..........


You could see Sigmund.

Vanquished Creatures
  An orc wizard (D:3)
  6 adders (D:2)
  2 worms
  A dart slug (D:3)
  A leopard gecko (D:2)
  An orc (D:3)
  6 ball pythons (D:2)
  5 giant cockroaches
  6 goblins
  8 hobgoblins
  6 jackals (D:2)
  A quokka (D:1)
  11 bats
  5 frilled lizards
  19 kobolds
  10 rats
89 creatures vanquished.

Notes
Turn   | Place    | Note
-------+----------+-------------------------------------------
     0 | D:1      | DildoBatman the Formicid Enchanter began the quest for the Orb.
     0 | D:1      | Reached XP level 1. HP: 13/13 MP: 3/3
    32 | D:1      | Reached skill level 1 in Fighting
   180 | D:1      | Reached XP level 2. HP: 19/22 MP: 3/5
   447 | D:1      | Reached XP level 3. HP: 27/28 MP: 3/6
   452 | D:1      | Learned a level 3 spell: Confuse
  1118 | D:2      | Learned a level 2 spell: Slow
  1177 | D:2      | Reached XP level 4. HP: 11/35 MP: 3/7
  1530 | D:2      | Reached skill level 1 in Shields
  1543 | D:2      | Reached skill level 1 in Armour
  1543 | D:2      | Reached skill level 4 in Stealth
  1832 | D:2      | Reached XP level 5. HP: 41/41 MP: 8/8
  1886 | D:2      | Found an opulent altar of Gozag.
  2525 | D:3      | Found an ancient bone altar of Kikubaaqudgha.
  2526 | D:3      | Found a sparkling altar of Nemelex Xobeh.
  2528 | D:3      | Noticed Grinder
  3004 | D:4      | Noticed Sigmund
  3004 | D:4      | Noticed Blork the orc
  3034 | D:3      | HP: 2/41 [orc wizard/magic dart (7)]
  3221 | D:3      | HP: 2/41 [orc/mace (6)]
  3729 | D:4      | Noticed a big kobold
  3843 | D:4      | HP: 1/41 [Sigmund/magic dart (6)]
  3845 | D:4      | Killed from afar by Sigmund

Skill      XL: |  1  2  3  4  5 |
---------------+----------------+-----
Fighting       | 1 2 3 |  3.0
Dodging        | 2 |  2.0
Shields        | 2 3 |  3.0
Armour         | 1 2 |  2.9
Stealth        | 4 |  4.0
Short Blades   | |  1.0
Spellcasting   | |  2.1
Hexes          | |  3.6

Action                   |  1- 3 |  4- 6 || total
-------------------------+-------+-------++-------
Melee: Dagger            |    93 |   175 ||   268
       Spear             |    47 |    37 ||    84
 Cast: Corona            |    28 |    36 ||    64
       Confuse           |       |     2 ||     2
 Abil: Dig               |       |     3 ||     3
  Use: Scroll            |       |     4 ||     4
 Stab: Sleeping          |     6 |    12 ||    18
  Eat: Chunk             |     1 |     9 ||    10
Armor: Robe              |    33 |    43 ||    76
Dodge: Dodged            |   102 |   125 ||   227
Block: Buckler           |       |    28 ||    28
